 Dungeon Crawl Stone Soup version 0.22.0-38-g04b72b8 (webtiles) character file.

35 Monsterracer the Magician (level 3, 0/25 HPs)
             Began as a Gnoll Wizard on Aug 29, 2018.
             Slain by a gnoll (6 damage)
             ... on level 1 of the Dungeon.
             The game lasted 00:01:44 (950 turns).

Monsterracer the Magician (Gnoll Wizard)             Turns: 950, Time: 00:01:45

Health: 0/25       AC:  3    Str:  9    XL:     3   Next: 35%
Magic:  8/11       EV: 15    Int: 21    God:
Gold:   52         SH:  0    Dex: 18    Spells: 7/16 levels left

rFire    . . .     SeeInvis .   d - +0 short sword
rCold    . . .     Gourm    .   (no shield)
rNeg     . . .     Faith    .   a - +0 robe
rPois    .         Spirit   .   b - +0 hat
rElec    .         Reflect  .   l - +0 cloak
rCorr    .         Harm     .   (no gloves)
MR       .....                  (no boots)
Stlth    +++.......             (no amulet)
HPRegen  0.08/turn              h - +5 ring of dexterity
MPRegen  0.12/turn              (no ring)

@: no status effects
A: distributed training, fangs 1, strong nose
a: no special abilities


You were on level 1 of the Dungeon.
You were not hungry.

You visited 1 branch of the dungeon, and saw 2 of its levels.

You collected 52 gold pieces.

Inventory:

Hand Weapons
 d - a +0 short sword (weapon)
Armour
 a - a +0 robe (worn)
 b - a +0 hat (worn)
 l - a +0 cloak (worn)
Jewellery
 h - a +5 ring of dexterity (left hand)
Scrolls
 f - a scroll of magic mapping {unknown}
 j - a scroll of remove curse {unknown}
 k - a scroll of teleportation {unknown}
Potions
 e - 2 potions of heal wounds {unknown}
 g - a potion of might {unknown}
 i - a potion of degeneration {unknown}
Comestibles
 c - 5 rations


   Skills:
 + Level 0.7 Fighting
 + Level 0.7 Short Blades
 + Level 0.7 Long Blades
 + Level 0.7 Axes
 + Level 0.7 Maces & Flails
 + Level 0.7 Polearms
 + Level 0.7 Staves
 + Level 0.7 Slings
 + Level 0.7 Bows
 + Level 0.7 Crossbows
 + Level 0.7 Throwing
 + Level 0.7 Armour
 + Level 4.5 Dodging
 + Level 4.1 Stealth
 + Level 0.7 Shields
 + Level 0.7 Unarmed Combat
 + Level 7.1 Spellcasting
 + Level 2.1 Conjurations
 + Level 0.5 Hexes
 + Level 0.5 Charms
 + Level 2.1 Summonings
 + Level 0.5 Necromancy
 + Level 2.1 Translocations
 + Level 0.5 Transmutations
 + Level 0.5 Fire Magic
 + Level 0.5 Ice Magic
 + Level 0.5 Air Magic
 + Level 0.5 Earth Magic
 + Level 0.5 Poison Magic
 + Level 0.9 Invocations
 + Level 0.7 Evocations


You had 7 spell levels left.
You knew the following spells:

 Your Spells              Type           Power        Failure   Level  Hunger
a - Magic Dart            Conj           ###.         3%          1    None
b - Conjure Flame         Conj/Fire      ##......     16%         3    None
c - Mephitic Cloud        Conj/Pois/Air  ##......     17%         3    None
e - Blink                 Tloc           N/A          5%          2    None

Your spell library contained the following spells:

 Spells                   Type           Power        Failure   Level  Hunger
 Call Imp                 Summ           ###.....     5%          2    None
 Slow                     Hex            #.......     11%         2    None


Dungeon Overview and Level Annotations

Branches:
Dungeon (2/15)

Altars:


Innate Abilities, Weirdness & Mutations

Your experience applies equally to all skills.
You have very sharp teeth.
Your uncanny sense of smell can sniff out nearby items.


Message History

Casting: Magic Dart (safe; 3% risk of failure)
Confirm with . or Enter, or press ? or * to list all spells.
You can't see any susceptible monsters within range! (Use Z to cast anyway.)
c - 5 rations (gained 1)
i - a brown potion MP restored: 11
j - a scroll labeled IFUIKI LIJEPH
k - a scroll labeled HANKISI UFAHED
Casting: Magic Dart (safe; 3% risk of failure)
Confirm with . or Enter, or press ? or * to list all spells.
You can't see any susceptible monsters within range! (Use Z to cast anyway.)
Found a cloak.
Unknown command.
You see here a ring mail.
You now have 52 gold pieces (gained 7).
Done exploring.
Done exploring.
Done exploring.
Search for what [? for help]? clo You see here a cloak.
l - a cloak Wear which item? (? for menu, Esc to quit)
You start putting on your armour.
You continue putting on your cloak. x4
You finish putting on your +0 cloak.
Drop what? 12/52 slots (_ for help) (? for menu, Esc to quit)
You start removing your armour.
You continue taking off your +0 robe. x4
You finish taking off your +0 robe.
You drop a +0 robe.
a - a +0 robe Wear which item? (? for menu, Esc to quit)
You start putting on your armour.
You continue putting on your +0 robe. x4
You finish putting on your +0 robe.
There is a stone staircase leading down here.
You climb downwards. 3 gnolls come into view.
The gnoll shouts! x2
Found a dagger and 4 gold pieces.
There is a stone staircase leading up here.
Saving game... please wait.
Welcome back, Monsterracer the Gnoll Wizard.
Press ? for a list of commands and other information.
The gnoll barely misses you. The gnoll hits you.
You climb upwards.
There is a stone staircase leading down here.
You take 6 damage, and have 19/25 hp.
MASSIVE DAMAGE!!
The gnoll closely misses you. x2
The gnoll hits you.
You take 4 damage, and have 15/25 hp.
Cast which spell? (? or * to list)
Aiming: Magic Dart (safe; 3% risk of failure)
Press: ? - help, Shift-Dir - straight line, f - gnoll
Aim: a gnoll, wielding a whip The magic dart hits the gnoll.
The gnoll misses you.
You now have 10/11 mp.
Casting: Magic Dart (safe; 3% risk of failure)
Confirm with . or Enter, or press ? or * to list all spells.
Aiming: Magic Dart (safe; 3% risk of failure)
Press: ? - help, Shift-Dir - straight line, f/p - gnoll
Aim: a gnoll, wielding a whip The magic dart hits the gnoll.
The gnoll is moderately wounded.
The gnoll closely misses you.
You now have 9/11 mp.
Casting: Magic Dart (safe; 3% risk of failure)
Confirm with . or Enter, or press ? or * to list all spells.
Aiming: Magic Dart (safe; 3% risk of failure)
Press: ? - help, Shift-Dir - straight line, f/p - gnoll
Aim: a gnoll, wielding a whip (moderately wounded)
The magic dart hits the gnoll.
The gnoll is severely wounded.
The gnoll hits you with a whip!
* * * LOW HITPOINT WARNING * * *
You take 8 damage, and have 7/25 hp.
MASSIVE DAMAGE!!
You now have 8/11 mp.
Casting: Magic Dart (safe; 3% risk of failure)
Confirm with . or Enter, or press ? or * to list all spells.
Aiming: Magic Dart (safe; 3% risk of failure)
Press: ? - help, Shift-Dir - straight line, f/p - gnoll
Aim: a gnoll, wielding a whip (severely wounded)
The magic dart hits the gnoll.
The gnoll is almost dead.
The gnoll hits you with a whip.
* * * LOW HITPOINT WARNING * * *
You take 3 damage, and have 4/25 hp.
You now have 7/11 mp.
Unknown command.
Casting: Magic Dart (safe; 3% risk of failure)
Confirm with . or Enter, or press ? or * to list all spells.
Aiming: Magic Dart (safe; 3% risk of failure)
Press: ? - help, Shift-Dir - straight line, f/p - gnoll
Aim: a gnoll, wielding a whip (almost dead)
The magic dart hits the gnoll.
You kill the gnoll!
You now have 6/11 mp.
Casting: Magic Dart (safe; 3% risk of failure)
Confirm with . or Enter, or press ? or * to list all spells.
Aiming: Magic Dart (safe; 3% risk of failure)
Press: ? - help, Shift-Dir - straight line, f - gnoll
Aim: a gnoll The magic dart hits the gnoll.
The gnoll is moderately wounded.
The gnoll hits you.
You die...

#####...####.####.###.#.##.....
#)#.####.####.###.#.##.##.#
#.#.............#.#.##.##.#
#.######.####.#.#...##....#
#####.#### #.# #.#.###.#####..
#........# #.# #.#.....# ####.
#........# #.####.#..##.###.##.
#........###..................#
#.............@g..............#
###.###.###########.#########.###
....###.###########.# #.##.
....................### #....
.##.###.##.######.....# #....
.##.# #.....# #.....# #....
.##.###+##..# #.....# #....
.##.##.....[# #.....# #....
.##.##......# #.....# #....


You could see a gnoll.

Vanquished Creatures
  A gnoll (D:1)
  An ooze (D:1)
  3 goblins (D:1)
  5 hobgoblins (D:1)
  5 bats (D:1)
  2 frilled lizards (D:1)
  2 kobolds (D:1)
  3 rats (D:1)
22 creatures vanquished.

Notes
Turn   | Place    | Note
-------+----------+-------------------------------------------
     0 | D:1      | Monsterracer the Gnoll Wizard began the quest for the Orb.
     0 | D:1      | Reached XP level 1. HP: 13/13 MP: 8/8
   108 | D:1      | Reached XP level 2. HP: 15/19 MP: 7/10
   249 | D:1      | Learned a level 2 spell: Blink
   632 | D:1      | Reached XP level 3. HP: 25/25 MP: 6/11
   637 | D:1      | Learned a level 3 spell: Conjure Flame
   641 | D:1      | Learned a level 3 spell: Mephitic Cloud
   923 | D:1      | HP: 7/25 [gnoll/whip (8)]
   950 | D:1      | Slain by a gnoll

Skill      XL: |  1 |
---------------+----+-----
Conjurations   | 2 |  2.1
Summonings     | 2 |  2.1
Translocations | 2 |  2.1
Fighting       | |  0.7
Short Blades   | |  0.7
Long Blades    | |  0.7
Axes           | |  0.7
Maces & Flails | |  0.7
Polearms       | |  0.7
Staves         | |  0.7
Slings         | |  0.7
Bows           | |  0.7
Crossbows      | |  0.7
Throwing       | |  0.7
Armour         | |  0.7
Dodging        | |  4.5
Stealth        | |  4.1
Shields        | |  0.7
Unarmed Combat | |  0.7
Spellcasting   | |  7.1
Hexes          | |  0.5
Charms         | |  0.5
Necromancy     | |  0.5
Transmutations | |  0.5
Fire Magic     | |  0.5
Ice Magic      | |  0.5
Air Magic      | |  0.5
Earth Magic    | |  0.5
Poison Magic   | |  0.5
Invocations    | |  0.9
Evocations     | |  0.7

Action                   || total
-------------------------++-------
 Cast: Magic Dart        ||    38
Armor: Robe              ||     3
Dodge: Dodged            ||    19

Vault maps used:
D:1:      lightli_arrival_quake, wad_floor_pattern_untrapped
